 Dungeon Crawl Stone Soup version 0.31-a0-845-g9abc20d24f (webtiles) character file.

Game seed: 8519860036517980428

1216 Ethylacetat the Changeling (level 8, -11/54 HPs)
             Began as an Octopode Shapeshifter on Oct 2, 2023.
             Mangled by a sleepcap (20 damage)
             ... on level 4 of the Dungeon.
             The game lasted 00:09:40 (4379 turns).

Ethylacetat the Changeling (Octopode Shapeshifter)  Turns: 4379, Time: 00:09:41

Health: -11/54     AC:  1    Str: 13    XL:     8   Next: 46%
Magic:  8/8        EV:  2    Int: 12    God:
Gold:   197        SH:  0    Dex: 14    Spells: 7/7 levels left

rFire   . .          .
                       - Unarmed
rCold   + . .        (no shield)
rNeg    . . .        (helmet currently unavailable)
rPois   .            (no amulet)
rElec   .            r - ring of protection from cold
rCorr   .            (no ring)
SInv    .            (no ring)
Will    .....        (no ring)
Stlth   ++           (no ring)
HPRegen 0.29/turn    (no ring)
MPRegen 0.11/turn    (no ring)
                     (no ring)

%: no passive effects
@: beast-form, sleeping
A: beast (slay +3), almost no armour, amphibious, 8 rings, camouflage 1,
gelatinous body 1, (nimble swimmer 1), tentacles
a: Begin Untransformation


You were on level 4 of the Dungeon.
You were a hulking beast.
You visited 1 branch of the dungeon, and saw 5 of its levels.
You also visited: Ossuary.

You collected 197 gold pieces.

Inventory:

Jewellery
 r - a ring of protection from cold (left tentacle)
Talismans
 b - a beast talisman (active)
 c - a flux talisman
Wands
 i - a wand of mindburst (6)
 w - a wand of roots (8)
 B - a wand of light (9)
Scrolls
 a - a scroll of noise {unknown}
 d - 2 scrolls of enchant armour
 e - 7 scrolls of teleportation
 f - 3 scrolls of amnesia
 g - a scroll of brand weapon {unknown}
 k - a scroll of acquirement {unknown}
 n - 2 scrolls of identify
 o - a scroll of revelation {unknown}
 p - a scroll of fear {unknown}
 q - a scroll of vulnerability {unknown}
 t - a scroll of immolation {unknown}
 y - a scroll of torment {unknown}
Potions
 h - 4 potions of curing
 j - a potion of magic {unknown}
 l - a potion of berserk rage {unknown}
 m - 2 potions of might
 s - a potion of heal wounds {unknown}
 u - a potion of degeneration {unknown}
 v - a potion of haste
 x - a potion of invisibility {unknown}
 z - a potion of brilliance {unknown}
 A - a potion of enlightenment


   Skills:
 + Level 4.3 Fighting
 + Level 4.8 Dodging
 + Level 5.2 Unarmed Combat
 * Level 6.4 Shapeshifting


You had 7 spell levels left.
You didn't know any spells.
Your spell library contained the following spells:

 Spells                   Type           Power      Damage    Failure   Level
 Poisonous Vapours        Pois/Air       0%         N/A       45%         2
 Mephitic Cloud           Conj/Pois/Air  0%         N/A       69%         3
 Anguish                  Hex/Necr       0%         N/A       97%         4
 Cause Fear               Hex            0%         N/A       97%         4
 Freezing Cloud           Conj/Ice/Air   0%         6-21      100%        5
 Enfeeble                 Hex            0%         N/A       100%        7


Dungeon Overview and Level Annotations

Branches:
Dungeon (5/15)            Ossuary (visited)
 Temple: D:4-7

Altars:
Yredelemnul


Innate Abilities, Weirdness & Mutations

You are a hulking beast.
Your limbs bulge with bestial killing power. (Slay +3)
You cannot wear most types of armour.
You are amphibious.
You can wear up to eight rings at the same time.
Your skin changes colour to match your surroundings (Stealth+).
Your rubbery body absorbs attacks. (AC +1, EV +1)
((You are camouflaged when in or above water. (Stealth+)))
You have tentacles for arms and can constrict up to eight enemies at once.


Message History

You bludgeon the orc!
You kill the orc!
You hear a shout!
You bludgeon the orc!
You kill the orc!
The orc hits you with a +0 hand axe!
You tentacle-slap the orc but do no damage.
Your grab misses the orc. The orc misses you.
You tentacle-slap the sleepcap but do no damage.
You grab the sleepcap. You squeeze the sleepcap!
The sleepcap is moderately damaged.
You constrict the sleepcap. The sleepcap misses you. The orc misses you.
You tentacle-slap the sleepcap. You squeeze the sleepcap!
The sleepcap is severely damaged.
You constrict the sleepcap, but do no damage.
The sleepcap releases spores at you.
You are engulfed in a cloud of soporific spores!
You fall asleep.
You lose your grip on the sleepcap.
The orc barely misses you. The sleepcap releases spores at you!
You wake up.
You are engulfed in a cloud of soporific spores!
You are unaffected.
A gnoll comes into view. It is wielding a +0 spear.
The orc hits you with a +0 hand axe.
* * * LOW HITPOINT WARNING * * *
There is a stone staircase leading up here.
The orc barely misses you. The sleepcap barely misses you.
You climb upwards.
There is a stone staircase leading down here.
You tentacle-slap the sleepcap but do no damage.
You grab the sleepcap.
The sleepcap is severely damaged.
You constrict the sleepcap, but do no damage.
The orc closely misses you. The sleepcap releases spores at you.
* * * LOW HITPOINT WARNING * * *
You are engulfed in a cloud of soporific spores!
You fall asleep.
You lose your grip on the sleepcap.
The orc barely misses you. The sleepcap releases spores at you!!
You die...

##)##.###.......##
##..## #....#
#......## #...####
#.#### #.#...##
#......#
###.######.##'##
#...##.#
#..........##.#
######.#
#.#.###.#####.#
#.# #.#.# #.#
##.## #.#
#.#.###.####..f##
#.#
#^#...........oh#
#.#
#.#####.###....##
#.# #.# #.# #[#.##
#######.#
#.#####.#
#.########.......#
#.......#
#..........#######
#########
############


You could see a sleepcap and an orc.

Vanquished Creatures
  An ice beast (D:5)
  An orc warrior (D:4)
  An ogre (D:4)
  A phantom (D:4)
  A scorpion (D:4)
  A water moccasin zombie (Ossuary)
  A wight (Ossuary)
  2 centaur zombies (Ossuary)
  A hound (D:4)
  A bullfrog zombie (Ossuary)
  2 orc priests (D:4)
  Crazy Yiuf (D:4)
  2 scorpion zombies (Ossuary)
  Natasha (thrice) (D:4)
  Ijyb (D:4)
  A sleepcap (D:3)
  An orc wizard (D:5)
  An ogre zombie (Ossuary)
  Robin (D:3)
  6 gnolls (D:4)
  5 adders
  An adder zombie (Ossuary)
  A worm (D:2)
  A dart slug (D:3)
  15 orcs
  4 bats
  9 endoplasms
  11 giant cockroaches
  15 goblins
  16 hobgoblins
  4 jackals
  4 quokkas
  5 ball pythons
  A frilled lizard (D:1)
  4 gnoll zombies (Ossuary)
  5 goblin zombies (Ossuary)
  5 hobgoblin zombies (Ossuary)
  8 kobolds
  2 orc zombies (Ossuary)
  6 rats
152 creatures vanquished.

Notes
Turn   | Place    | Note
-------+----------+-------------------------------------------
     0 | D:1      | Ethylacetat the Octopode Shapeshifter began the quest for
                  | the Orb.
     0 | D:1      | Reached XP level 1. HP: 13/13 MP: 1/1
   132 | D:1      | Reached XP level 2. HP: 9/18 MP: 2/2
   433 | D:2      | Reached XP level 3. HP: 23/23 MP: 3/3
   442 | D:2      | Found a faded altar of an unknown god.
   653 | D:2      | Reached XP level 4. HP: 27/29 MP: 4/4
  1255 | D:3      | Noticed Robin
  1263 | D:3      | Killed Robin
  1375 | D:3      | Reached skill level 4 in Shapeshifting
  1439 | D:3      | Reached XP level 5. HP: 34/34 MP: 5/5
  2000 | D:4      | Reached XP level 6. HP: 22/41 MP: 6/6
  2107 | D:4      | Found a basalt altar of Yredelemnul.
  2118 | D:4      | Noticed Natasha
  2122 | D:4      | Killed Natasha
  2179 | D:4      | Noticed Natasha
  2186 | D:4      | Killed Natasha
  2251 | D:4      | Reached skill level 5 in Shapeshifting
  2344 | D:4      | Found a sand-covered staircase.
  2358 | D:4      | Reached XP level 7. HP: 19/46 MP: 7/7
  2429 | Ossuary  | Entered an ossuary
  2796 | Ossuary  | Noticed a silent spectre
  2914 | D:4      | Noticed Natasha
  2925 | D:4      | Killed Natasha
  2932 | D:4      | Reached skill level 6 in Shapeshifting
  2932 | D:4      | Reached XP level 8. HP: 7/54 MP: 8/8
  3423 | D:4      | Found a runed translucent door.
  3424 | D:4      | Noticed Crazy Yiuf
  3666 | D:4      | Noticed Ijyb
  3679 | D:4      | Killed Ijyb
  3800 | D:4      | Reached skill level 5 in Unarmed Combat
  4061 | D:4      | Killed Crazy Yiuf
  4097 | D:5      | Entered Level 5 of the Dungeon
  4379 | D:4      | Mangled by a sleepcap

Illustrated notes

Levels and vault maps discovered:
D:1:      tarquinn_simple_flora_water_e, layout_basic
D:2:      minmay_roachtagon, layout_basic, hellmonk_ecumenical_altar_zigzags
D:3:      layout_rooms, minmay_quadrilaterals, uniq_robin
D:4:      layout_loops_corners, kennysheep_little_box,
          nicolae_ossuary_entry_monument, minmay_between, uniq_natasha,
          uniq_crazy_yiuf_cottage, uniq_ijyb
D:5:      layout_rooms, grunt_dithmenos_smoke_and_mirrors, tso_altar,
          ebering_ghost_sewer_d, nicolae_fountain_basement

Skill      XL: |  1  2  3  4  5  6  7  8 |
---------------+-------------------------+-----
Fighting       | 2 3 4 |  4.3
Shapeshifting  | 4 5 6 |  6.4
Dodging        | 3 4 |  4.8
Unarmed Combat | 4 5 |  5.2

Action                     |  1- 3 |  4- 6 |  7- 9 || total
---------------------------+-------+-------+-------++-------
  Melee: Unarmed           |    56 |   170 |   119 ||   345
         Constrict         |    13 |    50 |    28 ||    91
         Tentacles         |    12 |    37 |    34 ||    83
         Punch             |     1 |    10 |     6 ||    17
  Evoke: Wand              |       |     2 |    11 ||    13
    Use: Scroll            |       |       |     5 ||     5
         Potion            |       |       |     3 ||     3
   Stab: Sleeping          |     4 |     5 |     6 ||    15
         Distracted        |       |     1 |       ||     1
 Armour: Skin              |    19 |    74 |    99 ||   192
  Dodge: Dodged            |    27 |   111 |    65 ||   203

Table legend: (Time is in decaauts)
 A = Elapsed time spent in this place.
 B = Non-inter-level travel time spent in this place.
 C = Inter-level travel time spent in this place.
 D = Time resting spent in this place.
 E = Time spent auto-exploring this place.
 F = Levels seen in this place.
 G = Mean time per level.
                   A        B        C        D        E       F      G
               +--------+--------+--------+--------+--------+-----+--------+
         Total |   4343 |   4208 |    135 |    440 |   2814 |   6 |  723.8 |
       Dungeon |   3878 |   3743 |    135 |    391 |   2521 |   5 |  775.6 |
       Ossuary |    465 |    465 |      0 |     49 |    293 |   1 |  465.0 |
               +--------+--------+--------+--------+--------+-----+--------+

Top non-repeatable levels by time:
     D:4: 1890 daAuts
     D:2: 917 daAuts
     D:3: 619 daAuts
 Ossuary: 465 daAuts
     D:1: 423 daAuts
     D:5: 27 daAuts
